AoeStats
← dohteM

Arena

509027267Analyzed
4v4 RM · 7d ago on Sep 25, 2026· 71m 29s· 8 players
Game mode
Random Map
Map size
Large (8 player)
Population
200
Speed
Normal
Resources
Standard
Victory
Conquest
Starting age
Dark Age
Ending age
Imperial Age
RankedLock teamsTeams togetherTeam positionsShared explorationLock speedFull tech treeHidden civsTurbo modeCheats
Victory
Defeat
🇨🇳 Spanish · China
895
+14
🇦🇷 Celts · Argentina
838
+17
🇨🇳 Vietnamese · China
801
+18
🇧🇷 Khmer · Brazil
790
+18
🇺🇸 Ethiopians · United States
864
-46
🇨🇴 Maya · Colombia
856
-17
🇱🇻 Britons · Latvia
852
-17
🇵🇪 Gurjaras · Peru
835
-16
Crusader
0:59 Loom
12:02 Feudal Age
16:48 Castle Age
15:05 Double-Bit Axe
15:43 Horse Collar
16:25 Stone Mining
17:17 Fletching
18:07 Wheelbarrow
18:23 Bow Saw
18:24 Heavy Plow
18:49 Town Watch
20:09 Bodkin Arrow
21:41 Hand Cart
25:34 Ballistics
27:48 Fortified Wall
28:49 Padded Archer Armor
29:47 Masonry
29:21 Treadmill Crane
36:22 Imperial Age
35:14 Murder Holes
35:11 Guard Tower
35:59 Yeomen
35:40 Gold Mining
36:48 Leather Archer Armor
36:57 Town Patrol
38:14 Chemistry
37:46 Architecture
37:40 Conscription
39:17 Two-Man Saw
39:02 Gold Shaft Mining
38:34 Arrowslits
39:14 Bracer
40:30 Elite Longbowman
42:45 Keep
43:26 Ring Archer Armor
43:04 Warwolf
47:25 Hoardings
Yggdrasil
2:33 Loom
8:09 Loom
11:33 Feudal Age
12:05 Double-Bit Axe
17:14 Castle Age
17:06 Horse Collar
17:26 Town Watch
18:41 Bow Saw
18:49 Heavy Plow
21:47 Wheelbarrow
21:19 Gold Mining
21:24 Stone Mining
23:33 Fortified Wall
24:33 Town Patrol
26:06 Hand Cart
32:06 Imperial Age
29:56 Fletching
30:17 Forging
30:13 Scale Barding Armor
29:54 Treadmill Crane
31:00 Gold Shaft Mining
31:04 Stone Shaft Mining
32:02 Ballistics
31:41 Bodkin Arrow
33:24 Iron Casting
32:52 Bracer
34:17 Chemistry
33:40 Chain Barding Armor
34:18 Crop Rotation
34:41 Iron Casting
35:11 Plate Barding Armor
35:09 Conscription
35:03 Husbandry
35:14 Bloodlines
35:09 Scale Mail Armor
36:57 Hoardings
36:57 Light Cavalry
37:22 Siege Elephant
39:10 Hussar
41:56 Elite Elephant Archer
42:42 Thumb Ring
js.paredesm
10:35 Feudal Age
11:11 Double-Bit Axe
11:38 Horse Collar
21:09 Castle Age
19:33 Fletching
19:48 Gold Mining
22:43 Bow Saw
22:36 Heavy Plow
24:40 Crossbowman
29:35 Stone Mining
29:50 Treadmill Crane
30:55 Padded Archer Armor
32:30 Stone Shaft Mining
36:11 Imperial Age
34:20 Thumb Ring
34:15 Bodkin Arrow
34:36 Leather Archer Armor
36:45 Wheelbarrow
37:18 Conscription
36:46 Arbalester
37:58 Elite Skirmisher
39:32 Ballistics
40:12 Chemistry
39:20 Pikeman
40:01 Squires
40:30 Bracer
41:01 Ring Archer Armor
40:31 Scale Mail Armor
40:04 Halberdier
41:08 Hul'che Javelineers
43:22 Forging
43:28 Chain Mail Armor
44:22 Two-Man Saw
43:55 Crop Rotation
45:10 Eagle Warrior
46:58 Elite Eagle Warrior
48:47 Hand Cart
50:31 Holcans
51:26 Iron Casting
51:22 Plate Mail Armor
50:46 Arson
dohteM
11:49 Feudal Age
12:20 Loom
12:27 Double-Bit Axe
12:26 Horse Collar
17:39 Castle Age
18:36 Wheelbarrow
19:36 Town Watch
20:10 Bow Saw
20:03 Heavy Plow
21:01 Fletching
28:14 Hand Cart
29:48 Stone Mining
29:49 Gold Mining
32:10 Stone Shaft Mining
34:40 Gold Shaft Mining
37:25 Imperial Age
41:12 Conscription
40:45 Heavy Camel Rider
jenksulivan
2:25 Loom
13:35 Feudal Age
17:28 Castle Age
17:12 Double-Bit Axe
17:18 Gold Mining
17:19 Stone Mining
20:05 Horse Collar
25:15 Bow Saw
30:59 Imperial Age
30:10 Wheelbarrow
30:19 Stone Shaft Mining
30:19 Gold Shaft Mining
30:59 Bloodlines
30:50 Husbandry
30:51 Padded Archer Armor
30:56 Scale Barding Armor
31:03 Forging
31:43 Hand Cart
31:00 Elite Skirmisher
31:55 Imperial Skirmisher
32:16 Elite Battle Elephant
32:42 Capped Ram
34:13 Siege Ram
40:54 Leather Archer Armor
40:30 Fletching
44:24 Chemistry
43:56 Ring Archer Armor
43:21 Bodkin Arrow
48:43 Bracer
49:19 Iron Casting
49:05 Chain Barding Armor
49:51 Pikeman
49:52 Man-at-Arms
58:00 Plate Barding Armor
58:26 Blast Furnace
63:44 Heavy Plow
tongazizou10
5:37 Loom
11:28 Feudal Age
16:23 Castle Age
14:36 Double-Bit Axe
14:55 Horse Collar
17:42 Bow Saw
17:39 Heavy Plow
21:44 Wheelbarrow
22:11 Pikeman
24:16 Stone Mining
26:26 Stone Shaft Mining
27:49 Hand Cart
32:18 Imperial Age
31:45 Forging
31:51 Fortified Wall
32:13 Gold Mining
32:34 Onager
34:53 Chemistry
37:06 Siege Onager
37:36 Halberdier
38:51 Conscription
39:22 Furor Celtica
47:44 Gold Shaft Mining
50:45 Stronghold
卢本伟
11:05 Feudal Age
15:46 Castle Age
14:32 Gold Mining
14:34 Double-Bit Axe
18:16 Scale Mail Armor
18:27 Forging
32:30 Imperial Age
30:26 Fortified Wall
30:38 Bow Saw
30:13 Horse Collar
31:58 Heavy Plow
33:37 Ballistics
34:18 Chemistry
35:51 Crop Rotation
36:39 Two-Man Saw
35:40 Stone Mining
36:49 Wheelbarrow
38:27 Hand Cart
38:35 Bloodlines
38:29 Husbandry
38:13 Pikeman
38:54 Squires
38:39 Arson
39:15 Chain Mail Armor
39:36 Iron Casting
38:55 Halberdier
41:49 Plate Mail Armor
44:00 Bloodlines
43:51 Husbandry
44:44 Masonry
44:54 Chatras
45:15 Paper Money
45:11 Elite Battle Elephant
47:09 Scale Barding Armor
48:30 Chain Barding Armor
63:20 Plate Barding Armor
65:30 Fletching
65:41 Padded Archer Armor
67:17 Bodkin Arrow
67:37 Leather Archer Armor
S个帅哥
11:30 Feudal Age
19:48 Castle Age
17:55 Horse Collar
18:18 Double-Bit Axe
19:19 Gold Mining
19:24 Loom
33:17 Fletching
35:05 Bow Saw
35:27 Stone Mining
37:41 Heavy Plow
38:19 Wheelbarrow
37:29 Town Watch
39:00 Ballistics
38:38 Bodkin Arrow
38:43 Padded Archer Armor
40:13 Bloodlines
40:04 Husbandry
44:09 Imperial Age
42:33 Leather Archer Armor
44:04 Murder Holes
44:51 Caravan
45:50 Bracer
46:21 Ring Archer Armor
48:10 Chemistry
47:21 Fortified Wall
48:14 Conscription
49:08 Elite Conquistador
51:02 Bombard Tower
51:27 Capped Ram
52:41 Siege Ram
Connection lost

Rejoining the realm…

Still unreachable

The connection could not be restored.

Session expired

The server has moved on; the page needs a fresh start.